 Dungeon Crawl Stone Soup version 0.28-a0-477-g0b43c73ce0 (webtiles) character file.

Game seed: 3577226663081496520

1469 MacCMillion the Cutter (level 8, -6/62 HPs)
             Began as a Demonspawn Fighter on Sept 17, 2021.
             Killed from afar by a gnoll (40 damage)
             ... with a bolt of acid
             ... on level 3 of the Dungeon.
             The game lasted 00:15:23 (5753 turns).

MacCMillion the Cutter (Demonspawn Fighter)         Turns: 5753, Time: 00:15:23

Health: -6/62      AC: 16    Str: 19    XL:     8   Next: 49%
Magic:  8/8        EV:  9    Int: 14    God:
Gold:   164        SH:  9    Dex: 12    Spells: 7/7 levels left

rFire   + . .      SeeInvis .   v - +2 dagger (venom)
rCold   . . .      Faith    .   c - +0 buckler
rNeg    . . .      Spirit   .   r - +0 chain mail
rPois   .          Reflect  .   (no helmet)
rElec   .          Harm     .   (no cloak)
rCorr   .          Rampage  .   x - +1 pair of gloves
Will    .....                   (no boots)
Stlth   ..........              (no amulet)
HPRegen 0.20/turn               s - ring of the Nightingale {AC+4 Int+4}
MPRegen 0.11/turn               d - ring of protection from fire

@: lethally poisoned (-6 -> -16)
A: large bone plates 1, ignite blood 1, powered by pain 2
a: no special abilities


You were on level 3 of the Dungeon.
You visited 1 branch of the dungeon, and saw 5 of its levels.

You collected 164 gold pieces.

Inventory:

Hand Weapons
 a - a +0 rapier
 v - a +2 dagger of venom (weapon)
 C - a +3 flail
Missiles
 i - 2 throwing nets (quivered)
 p - 3 javelins
 q - 14 poisoned darts
Armour
 b - a +0 scale mail
 c - a +0 buckler (worn)
 m - a +0 robe of the Archmagi
 r - a +0 chain mail (worn)
 x - a +1 pair of gloves (worn)
Jewellery
 d - a ring of protection from fire (right hand)
 s - the ring of the Nightingale (left hand) {AC+4 Int+4}
   (You took it off a kobold on level 4 of the Dungeon)

   [ring of protection]

   AC:        It affects your AC (+4).
   Int:       It affects your intelligence (+4).
Wands
 n - a wand of mindburst (9)
Scrolls
 e - a scroll of blinking
 f - a scroll of amnesia
 o - 3 scrolls of fog {unknown}
 u - a scroll of holy word
 A - a scroll of teleportation {unknown}
 B - a scroll of vulnerability {unknown}
Potions
 g - 2 potions of haste
 h - 3 potions of mutation
 j - a potion of resistance
 k - 4 potions of curing
 l - 3 potions of attraction
 t - a potion of brilliance
 w - a potion of degeneration
 z - 2 potions of lignification


   Skills:
 - Level 5.0 Fighting
 + Level 5.8 Short Blades
 - Level 5.0 Armour
 + Level 4.5 Dodging
 - Level 4.0 Shields


You had 7 spell levels left.
You didn't know any spells.
Your spell library contained the following spells:

 Spells                   Type           Power      Damage    Failure   Level
 Shock                    Conj/Air       0%         1d3       96%         1
 Swiftness                Air            0%         N/A       100%        3
 Airstrike                Air            0%         N/A       100%        4


Dungeon Overview and Level Annotations

Branches:
Dungeon (5/15)
 Temple: D:4-7

Altars:
Xom

Annotations:
D:2 Sigmund
D:3 1 transporter, flt's ghost, weakling VSAE
D:4 2 runed translucent doors


Innate Abilities, Weirdness & Mutations

You are partially covered in large bone plates. (SH +4)
Your demonic aura sometimes causes spilled blood to erupt in flames.
You sometimes gain power by taking damage.


Message History

There is a stone staircase leading up here.
You climb upwards.
Level annotation: 2 transporters
There is a stone staircase leading down here.
You see here a +0 dagger.
You see here 21 bolts.
The gnoll shouts!
You hear a shout! x2
The gnoll shouts! x2; You hear a shout!
Flt's ghost turns its malevolent gaze towards you.
The gnoll shouts!
There is a transporter here.
Okay, then.
As you read the scroll of identify, it crumbles to dust.
w - a potion of degeneration
As you read the scroll of identify, it crumbles to dust.
z - 2 potions of lignification The gnoll sergeant shouts!
There is a transporter here.
You enter the transporter and appear at another place.
The gnoll hits you but does no damage. x2; You block the gnoll's attack.
You block the gnoll sergeant's attack.
The gnoll shaman calls upon its god to speed up the gnoll.
The gnoll seems to speed up.
The gnoll sergeant hits you but does no damage.
You are poisoned.
You feel sick. You block the gnoll sergeant's attack.
The gnoll zaps a wand.
The bolt of acid hits the gnoll!!
The acid corrodes the gnoll!
The gnoll dies!
The bolt of acid hits you!!
There is an open translucent door here.
You feel sick.
You feel sick. The gnoll hits you but does no damage.
You block the gnoll's attack.
The gnoll sergeant hits you but does no damage.
You are more poisoned.
You feel very sick. You block the gnoll's attack.
The gnoll zaps a wand.
The bolt of acid hits you!!!
Ouch! That really hurt!
You die...

#..≈≈#.g#8###8#..#≈≈..#
#..≈≈##.###g###.##≈≈..#
#..≈≈#...........#≈≈..#
###..≈≈###.##'##.###≈≈..#
.....≈≈..#.#...#.#..≈≈..#
####.≈≈.##.'...'.##.≈≈..#
# ##.≈≈.#g.#...#.©#.≈≈..#
###..≈≈.##g##)##.##.≈≈..#
.........#.#.gg#@#..≈≈..#
.###....©#.g.ggg.#©.≈≈..#
## #.....#g#8g8#.#..≈≈..#
####.≈≈.##.#####.##.≈≈..#
.....≈≈.#g.# #..#.≈≈..#
.....≈≈.##g# .#.##.≈≈..#
####.≈≈..#.#...#.#..≈≈..#
# #.≈≈###.##W##.###≈≈..#
####.≈≈#......g....#≈≈..#


You could see a gnoll shaman and 5 gnolls.

Vanquished Creatures
  A centaur zombie (D:5)
  A water moccasin (D:5)
  An orc warrior (D:4)
  A sky beast (D:5)
  4 ogres (D:5)
  A centaur (D:5)
  A scorpion (D:4)
  A howler monkey (D:4)
  A jelly (D:5)
  A hound (D:5)
  A centaur skeleton (D:5)
  Natasha (thrice) (D:4)
  3 gnolls (D:3)
  4 adders
  22 orcs
  5 ball pythons (D:1)
  5 endoplasms
  3 giant cockroaches
  8 hobgoblins
  2 kobolds
  6 quokkas
  4 bats
  2 frilled lizards
  8 goblins
  4 rats
93 creatures vanquished.

Vanquished Creatures (others)
  A gnoll (D:3)
  6 plants (D:3)
7 creatures vanquished.

Grand Total: 100 creatures vanquished

Notes
Turn   | Place    | Note
-------+----------+-------------------------------------------
     0 | D:1      | MacCMillion the Demonspawn Fighter began the quest for the
                  | Orb.
     0 | D:1      | Reached XP level 1. HP: 18/18 MP: 1/1
   546 | D:1      | Gained mutation: You sometimes gain a little power by
                  | taking damage. [demonic ancestry]
   546 | D:1      | Reached XP level 2. HP: 18/24 MP: 2/2
  1054 | D:1      | Found a faded altar of an unknown god.
  1388 | D:2      | Gained mutation: You are partially covered in large bone
                  | plates. (SH +4) [demonic ancestry]
  1388 | D:2      | Reached XP level 3. HP: 26/29 MP: 3/3
  1734 | D:2      | Noticed Sigmund
  1954 | D:3      | Reached XP level 4. HP: 27/35 MP: 4/4
  2646 | D:3      | Identified the +5 scale mail of Puzat {rElec}
  2646 | D:3      | Noticed a gnoll sergeant
  2825 | D:3      | Reached XP level 5. HP: 39/40 MP: 5/5
  2965 | D:3      | Found a transporter.
  3063 | D:3      | Found a transporter.
  3530 | D:4      | Reached skill level 1 in Dodging
  3606 | D:4      | Identified the ring of the Nightingale {AC+4 Int+4}
  3710 | D:4      | Found a large runed translucent door.
  3711 | D:4      | Found a large runed translucent door.
  3721 | D:4      | Found a shimmering altar of Xom.
  3749 | D:4      | Noticed Natasha
  3759 | D:4      | Killed Natasha
  3847 | D:4      | Reached XP level 6. HP: 47/47 MP: 6/6
  3932 | D:4      | Noticed Natasha
  3941 | D:4      | Killed Natasha
  4050 | D:4      | Noticed Natasha
  4062 | D:4      | Killed Natasha
  4168 | D:5      | Entered Level 5 of the Dungeon
  4168 | D:5      | Noticed an orc warrior
  4196 | D:4      | Killed an orc warrior
  4230 | D:5      | Gained mutation: You sometimes gain power by taking damage.
                  | [demonic ancestry]
  4230 | D:5      | Reached XP level 7. HP: 40/54 MP: 7/7
  4962 | D:5      | Reached skill level 5 in Fighting
  4962 | D:5      | Reached skill level 5 in Short Blades
  4962 | D:5      | Gained mutation: Your demonic aura sometimes causes spilled
                  | blood to erupt in flames. [demonic ancestry]
  4962 | D:5      | Reached XP level 8. HP: 57/62 MP: 8/8
  5273 | D:5      | Reached skill level 5 in Armour
  5740 | D:3      | Noticed flt's ghost (weakling VSAE)
  5753 | D:3      | Killed from afar by a gnoll

Illustrated notes

Levels and vault maps discovered:
D:1:      scummos_arrival_star, layout_loops_ring,
          hellmonk_ecumenical_altar_prayer_group
D:2:      layout_basic, lightli_corner_chamber, uniq_sigmund
D:3:      layout_loops_ring, gammafunk_ghost_gnarly_gnolls, st_stairs_2
D:4:      due_chaos_kobolds, layout_cave_pools, uniq_natasha
D:5:      layout_basic

Skill      XL: |  1  2  3  4  5  6  7  8 |
---------------+-------------------------+-----
Shields        | 3 4 |  4.0
Short Blades   | 2 3 4 5 |  5.8
Armour         | 3 4 5 |  5.0
Dodging        | 1 2 3 4 |  4.5
Fighting       | 4 5 |  5.0

Action                   |  1- 3 |  4- 6 |  7- 9 || total
-------------------------+-------+-------+-------++-------
Melee: Rapier            |   117 |   143 |    27 ||   287
       Dagger            |       |    47 |    73 ||   120
  Use: Scroll            |       |     9 |     2 ||    11
       Potion            |       |     1 |       ||     1
Armor: Scale mail        |    23 |    32 |       ||    55
       Chain mail        |       |    34 |    70 ||   104
Dodge: Dodged            |    47 |    57 |    23 ||   127
Block: Buckler           |    38 |    88 |    41 ||   167

Table legend: (Time is in decaauts)
 A = Elapsed time spent in this place.
 B = Non-inter-level travel time spent in this place.
 C = Inter-level travel time spent in this place.
 D = Time resting spent in this place.
 E = Time spent auto-exploring this place.
 F = Levels seen in this place.
 G = Mean time per level.
                   A        B        C        D        E       F      G
               +--------+--------+--------+--------+--------+-----+--------+
         Total |   5741 |   5544 |    197 |   1107 |   3322 |   5 | 1148.2 |
       Dungeon |   5741 |   5544 |    197 |   1107 |   3322 |   5 | 1148.2 |
               +--------+--------+--------+--------+--------+-----+--------+

Top non-repeatable levels by time:
     D:1: 1374 daAuts
     D:5: 1313 daAuts
     D:3: 1202 daAuts
     D:4: 1149 daAuts
     D:2: 701 daAuts
